 Dungeon Crawl Stone Soup version 0.29-a0-334-gb41bcbb86e (webtiles) character file.

Game seed: 2428576966230958690

11342 Dauddaud the Basher (level 11, -7/100 HPs)
             Began as a Minotaur Berserker on Apr 14, 2022.
             Was a Priest of Trog.
             Mangled by an orc warlord
             ... wielding a +2 vorpal dire flail
              (16 damage)
             ... on level 2 of the Orcish Mines.
             The game lasted 00:44:45 (11123 turns).

Dauddaud the Basher (Minotaur Berserker)           Turns: 11123, Time: 00:44:46

Health: -7/100     AC: 21    Str: 26    XL:     11   Next: 48%
Magic:  10/10      EV: 13    Int:  4    God:    Trog [***...]
Gold:   713        SH:  0    Dex: 10    Spells: 10/10 levels left

rFire   . . .      SeeInvis .   P - +3 morningstar (flame)
rCold   + . .      Faith    .   (no shield)
rNeg    . . .      Spirit   .   T - +3 plate armour
rPois   .          Reflect  .   B - +0 hat
rElec   .          Harm     .   (no cloak)
rCorr   .          Rampage  .   (no gloves)
Will    ++...                   o - +2 pair of boots
Stlth   ..........              (no amulet)
HPRegen 1.26/turn               K - ring of protection from cold
MPRegen 0.12/turn               F - +4 ring of evasion

@: about to teleport, strong-willed, spiked, on berserk cooldown, regenerating,
slowed, studying Stealth, very slow
A: horns 2, retaliatory headbutt
a: Renounce Religion, Berserk, Trog's Hand


You were on level 2 of the Orcish Mines.
You worshipped Trog.
Trog was most pleased with you.
You visited 2 branches of the dungeon, and saw 11 of its levels.

You collected 741 gold pieces.
You spent 28 gold pieces at shops.

Inventory:

Hand Weapons
 v - a +1 flail of draining
 P - a +3 morningstar of flaming (weapon)
 S - a +2 halberd of freezing
Missiles
 r - 7 poisoned darts (quivered)
 E - 2 throwing nets
Armour
 o - a +2 pair of boots (worn)
 B - a +0 hat (worn)
 T - a +3 plate armour (worn)
Jewellery
 k - a ring of ice
 q - a ring of magical power
 F - a +4 ring of evasion (right hand)
 K - a ring of protection from cold (left hand)
 M - an amulet of magic regeneration
Wands
 m - a wand of flame (43)
 n - a wand of mindburst (18)
 w - a wand of paralysis (5)
 H - a wand of polymorph (9)
 N - a wand of charming (7)
 W - a wand of iceblast (5)
Scrolls
 c - a scroll of fog {unknown}
 e - a scroll of blinking {unknown}
 f - 5 scrolls of enchant weapon
 g - a scroll of vulnerability
 l - 2 scrolls of teleportation
 y - a scroll of torment {unknown}
 z - 2 scrolls of magic mapping {unknown}
 J - a scroll of amnesia
 R - a scroll of immolation
 U - a scroll of holy word
Potions
 d - a potion of flight
 j - a potion of haste
 A - a potion of ambrosia
 D - a potion of might
 G - a potion of cancellation {unknown}
 I - a potion of mutation {unknown}
 L - a potion of attraction
 X - 3 potions of heal wounds
Miscellaneous
 Z - a piece from Xom's chessboard (15/15)


   Skills:
 + Level 10.2 Fighting
 + Level 6.0(11.0) Axes
 + Level 12.1(12.7) Maces & Flails
 + Level 7.7(8.7) Polearms
 + Level 1.3 Throwing
 + Level 11.4 Armour
 + Level 5.1 Dodging
 + Level 1.0 Stealth


You had 10 spell levels left.
You didn't know any spells.
Your spell library was empty.

Dungeon Overview and Level Annotations

Branches:
Dungeon (9/15)             Temple (0/1) D:6             Orc (2/2) D:9
    Elf (0/3) Orc:2
   Lair: D:8-11

Altars:
Elyvilon
Okawaru
The Shining One

Shops:
D:2 ?   D:5 [


Innate Abilities, Weirdness & Mutations

You have a pair of horns on your head.
You reflexively headbutt those who attack you in melee.


Message History

You closely miss the orc warlord. The orc warlord closely misses you.
The warg barely misses you.
You closely miss the orc warlord.
You punch the orc warlord, but do no damage.
You puncture the orc warlord! You burn the orc warlord.
The orc warlord is lightly wounded.
The warg closely misses you.
You hit the orc warlord but do no damage.
The orc warlord is lightly wounded.
The warg misses you.
The orc warlord hits you but does no damage.
You closely miss the orc warlord.
The orc warlord is lightly wounded.
You are no longer berserk.
You are exhausted.
You feel yourself slow down. The red devil misses you.
You barely miss the orc warlord. Your headbutt misses the orc warlord.
The orc warlord is lightly wounded.
The warg bites you but does no damage.
The orc sorcerer gestures at you while chanting.
You resist with almost no effort.
The orc warlord hits you with a +2 vorpal dire flail!
The red devil hits you from afar with a +0 trident!
Barbed spikes become lodged in your body.
The warg misses you.
As you read the scroll of teleportation, it crumbles to dust.
You feel strangely unstable.
The orc warrior hits you from afar with a +2 halberd of protection!
The warg barely misses you. The orc sorcerer closely misses you.
You furiously retaliate!
You headbutt the orc sorcerer, but do no damage.
The orc warlord hits you with a +2 vorpal dire flail!!
* * * LOW HITPOINT WARNING * * *
The red devil completely misses you.
The orc warrior hits you from afar with a +0 halberd!
* * * LOW HITPOINT WARNING * * *
The warg bites you.
* * * LOW HITPOINT WARNING * * *
The orc warlord hits you with a +2 vorpal dire flail!
You die...

##.......)#............
#.#......###.##........
###.......###...##...#...
#.....##.###....#.#......
#.#...#####..............
###.....# #.....#........
........####...............
.....#...#)##............#.
##.#.##.#o@h##.............
##......)o#oo.............
##......o4.o.............
##...#.#o...............
......#........ ......
....... .>...... ......
....... ........ .....#
....... ....... ....#.
.....#


You could see an orc warlord, a warg, 2 orc sorcerers, a red devil (summoned), 2
orc warriors and 2 orcs.

Vanquished Creatures
  2 two-headed ogres (D:8)
  Pikel (D:8)
  2 cyclopes
  An orc sorcerer (Orc:2)
  Maggie (D:7)
  Grinder (D:3)
  2 trolls
  Prince Ribbit (D:7)
  Sigmund (D:3)
  A wyvern (D:8)
  6 yaks
  5 steam dragons
  2 vampire mosquitoes
  Menkaure (D:5)
  A water moccasin (D:5)
  An acid dragon (D:9)
  Duvessa (D:5)
  An ice beast (D:7)
  11 orc warriors
  3 sky beasts
  3 black bears (D:5)
  4 ogres
  2 lemures (D:8)
  2 centaurs
  4 phantoms
  2 necrophages (D:6)
  4 scorpions
  3 bullfrogs
  4 wights
  Dowan (D:5)
  A troll zombie (D:9)
  2 howler monkeys
  4 hounds
  11 orc priests
  A jelly (D:6)
  3 gnoll shamans
  3 iguanas
  Ijyb (D:3)
  Natasha (thrice) (D:2)
  13 orc wizards
  5 ogre zombies (D:9)
  Robin (D:3)
  11 gnolls
  10 adders
  A shadow imp (D:5)
  An ufetubus (D:6)
  3 worms
  3 dart slugs
  55 orcs
  3 endoplasms
  5 giant cockroaches
  17 goblins
  14 hobgoblins
  8 jackals
  5 kobolds
  8 quokkas
  6 ball pythons
  8 bats
  3 frilled lizards
  A goblin skeleton (D:9)
  A goblin zombie (D:9)
  A hobgoblin skeleton (D:9)
  3 orc skeletons (D:9)
  13 orc zombies (D:9)
  A rat (D:3)
303 creatures vanquished.

Vanquished Creatures (others)
  An orc wizard (D:8)
  A fungus (D:1)
  19 plants
21 creatures vanquished.

Grand Total: 324 creatures vanquished

Notes
Turn   | Place    | Note
-------+----------+-------------------------------------------
     0 | D:1      | Dauddaud the Minotaur Berserker began the quest for the
                  | Orb.
     0 | D:1      | Reached XP level 1. HP: 19/19 MP: 0/0
    46 | D:1      | Reached XP level 2. HP: 10/27 MP: 1/1
   786 | D:1      | Reached XP level 3. HP: 23/33 MP: 2/2
   918 | D:1      | Reached ** piety under Trog
  1017 | D:1      | Found a faded altar of an unknown god.
  1584 | D:2      | Noticed Natasha
  1591 | D:2      | Killed Natasha
  1592 | D:2      | Reached XP level 4. HP: 41/41 MP: 3/3
  1643 | D:2      | Noticed Natasha
  1648 | D:2      | Killed Natasha
  1703 | D:2      | Found Irammue's Magic Scroll Emporium.
  1719 | D:2      | Reached skill level 5 in Axes
  1873 | D:2      | Bought a scroll of identify for 28 gold pieces
  2072 | D:2      | Noticed Natasha
  2084 | D:2      | Killed Natasha
  2085 | D:2      | Reached XP level 5. HP: 26/47 MP: 4/4
  2345 | D:3      | Noticed Grinder
  2345 | D:3      | Noticed Sigmund
  2473 | D:3      | Killed Sigmund
  2474 | D:3      | Reached skill level 5 in Fighting
  2474 | D:3      | Reached XP level 6. HP: 56/56 MP: 5/5
  2529 | D:3      | Found a white marble altar of Elyvilon.
  2919 | D:3      | Noticed Robin
  2929 | D:3      | Noticed Ijyb
  2939 | D:3      | Paralysed by Ijyb for 7 turns
  2947 | D:3      | Killed Ijyb
  2954 | D:3      | Reached skill level 1 in Polearms
  2957 | D:3      | Killed Robin
  3067 | D:3      | Killed Grinder
  3068 | D:3      | Reached XP level 7. HP: 61/61 MP: 6/6
  3502 | D:3      | Reached *** piety under Trog
  4059 | D:4      | You fall into a shaft and drop 1 floor!
  4059 | D:5      | Entered Level 5 of the Dungeon
  4186 | D:4      | Reached skill level 5 in Armour
  4451 | D:5      | Noticed a vampire mosquito
  4460 | D:5      | Reached skill level 1 in Maces & Flails
  4460 | D:5      | Reached skill level 5 in Polearms
  4465 | D:5      | Reached skill level 2 in Maces & Flails
  4465 | D:5      | Reached XP level 8. HP: 48/70 MP: 7/7
  4513 | D:4      | Reached skill level 3 in Maces & Flails
  5135 | D:5      | Found Qiolanal's Armour Shoppe.
  5210 | D:5      | Noticed Menkaure
  5217 | D:5      | Killed Menkaure
  5218 | D:5      | Reached skill level 4 in Maces & Flails
  5459 | D:5      | Reached XP level 9. HP: 78/78 MP: 8/8
  5480 | D:5      | Reached skill level 5 in Maces & Flails
  5521 | D:5      | Noticed Duvessa
  5521 | D:5      | Noticed Dowan
  5528 | D:5      | Killed Duvessa
  5531 | D:5      | Killed Dowan
  6045 | D:6      | Reached skill level 6 in Maces & Flails
  6592 | D:6      | Found a staircase to the Ecumenical Temple.
  6801 | D:6      | Reached skill level 7 in Maces & Flails
  7144 | D:7      | Noticed Maggie
  7152 | D:7      | Killed Maggie
  7201 | D:7      | Reached skill level 8 in Maces & Flails
  7484 | D:7      | Found an iron altar of Okawaru.
  7507 | D:7      | Reached XP level 10. HP: 88/88 MP: 9/9
  7574 | D:7      | Noticed Prince Ribbit
  7586 | D:7      | Killed Prince Ribbit
  7632 | D:7      | Reached skill level 1 in Stealth
  8062 | D:8      | Noticed a two-headed ogre
  8067 | D:8      | Killed a two-headed ogre
  8068 | D:8      | Reached skill level 9 in Maces & Flails
  8068 | D:8      | Reached skill level 10 in Armour
  8084 | D:8      | Reached skill level 5 in Dodging
  8214 | D:8      | Found a glowing golden altar of the Shining One.
  8241 | D:8      | Noticed Pikel
  8536 | D:8      | Killed Pikel
  8597 | D:8      | Noticed a two-headed ogre
  8612 | D:8      | Killed a two-headed ogre
  8613 | D:8      | Reached skill level 10 in Maces & Flails
  9313 | D:9      | Identified the +4 barding of Tyoph {Harm rC- Str-5 Int+6}
  9330 | D:9      | Found a staircase to the Orcish Mines.
  9416 | D:9      | Reached XP level 11. HP: 91/97 MP: 10/10
  9552 | D:9      | Reached skill level 1 in Throwing
 10234 | D:9      | Reached skill level 11 in Maces & Flails
 10328 | Orc:1    | Entered Level 1 of the Orcish Mines
 10585 | Orc:2    | Entered Level 2 of the Orcish Mines
 10589 | Orc:2    | Noticed an orc sorcerer
 10594 | Orc:2    | Killed an orc sorcerer
 10710 | Orc:2    | Reached skill level 10 in Fighting
 10836 | Orc:2    | Reached skill level 12 in Maces & Flails
 11097 | Orc:2    | Found a staircase to the Elven Halls.
 11103 | Orc:2    | Noticed an orc warlord
 11108 | Orc:2    | Noticed an orc sorcerer
 11111 | Orc:2    | Noticed an orc sorcerer
 11123 | Orc:2    | Mangled by an orc warlord

Illustrated notes

Levels and vault maps discovered:
D:1:      psy_arrival_fountain, layout_rooms,
          shapermc_ecumenical_altar_mp_urbaneastern
D:2:      layout_basic, serial_shops, nicolae_shop_window_shopping,
          minmay_misc_feat_plants, uniq_natasha
D:3:      mumra_celtic_spiral_tile, layout_basic,
          nicolae_overflow_hidden_temple, gup_sewer_entry_bowl,
          kennysheep_big_empty_room, corexii_shack, uniq_robin, uniq_grinder,
          uniq_ijyb, uniq_sigmund
D:4:      layout_basic, kennysheep_nondescript, kennysheep_generic_room_11
D:5:      cheibrodos_fzero, layout_loops_cross, serial_shops,
          kennysheep_mini_moat, minmay_misc_feat_nine_boxes,
          serial_bayou_pond_a, minmay_strange_pillars, serial_bayou_crossing,
          uniq_menkaure, uniq_duvessa
D:6:      layout_gridville, minmay_temple_entry_drinking_statues
D:7:      layout_basic, mainiacjoe_overflow_six_doors_small, uniq_maggie,
          uniq_prince_ribbit1
D:8:      layout_rooms, overflow_temple_1_default, hangedman_decor_lopped,
          minmay_misc_feat_rows, chequers_decorated_corner, minmay_manual_mail,
          uniq_pikel
D:9:      layout_long_grid, zombieorc1_lemuel
Orc:1:    layout_caves
Orc:2:    pf_orc_diabolical, layout_caves, basic_altar

Skill      XL: |  1  2  3  4  5  6  7  8  9 10 11 |
---------------+----------------------------------+-----
Axes           | 4 5 6 |  6.0
Fighting       | 4 5 6 7 9 10 | 10.2
Dodging        | 3 4 5 |  5.1
Armour         | 3 4 5 7 9 11 | 11.4
Polearms       | 3 5 6 7 |  7.7
Maces & Flails | 2 4 8 10 12 | 12.1
Stealth        | 1 |  1.0
Throwing       | 1 |  1.3

Action                   |  1- 3 |  4- 6 |  7- 9 | 10-12 || total
-------------------------+-------+-------+-------+-------++-------
Melee: Hand axe          |    68 |    42 |       |       ||   110
       Headbutt          |     8 |    13 |    41 |    49 ||   111
       Scythe            |       |    59 |    32 |       ||    91
       Flail             |       |       |   171 |       ||   171
       Punch             |       |       |     1 |     4 ||     5
       Halberd           |       |       |    20 |       ||    20
       Morningstar       |       |       |    13 |   266 ||   279
Throw: Dart              |       |     8 |     1 |     5 ||    14
Invok: Berserk           |     2 |     4 |    10 |    16 ||    32
       Trog's Hand       |       |     3 |     8 |    17 ||    28
  Use: Scroll            |       |     2 |     3 |    14 ||    19
       Potion            |       |       |     1 |     5 ||     6
Armor: Animal skin       |    10 |       |       |       ||    10
       Ring mail         |     9 |    14 |       |       ||    23
       Chain mail        |       |    64 |   135 |    22 ||   221
       Plate armour      |       |       |       |   119 ||   119
       Skin              |       |       |       |    25 ||    25
Dodge: Dodged            |    55 |    63 |   123 |   128 ||   369

Table legend: (Time is in decaauts)
 A = Elapsed time spent in this place.
 B = Non-inter-level travel time spent in this place.
 C = Inter-level travel time spent in this place.
 D = Time resting spent in this place.
 E = Time spent auto-exploring this place.
 F = Levels seen in this place.
 G = Mean time per level.
                   A        B        C        D        E       F      G
               +--------+--------+--------+--------+--------+-----+--------+
         Total |  11524 |  11215 |    309 |   3305 |   5655 |  11 | 1047.6 |
       Dungeon |  10697 |  10400 |    297 |   2855 |   5507 |   9 | 1188.6 |
  Orcish Mines |    827 |    815 |     12 |    450 |    147 |   2 |  413.5 |
               +--------+--------+--------+--------+--------+-----+--------+

Top non-repeatable levels by time:
     D:3: 1465 daAuts
     D:9: 1359 daAuts
     D:5: 1315 daAuts
     D:2: 1279 daAuts
     D:1: 1122 daAuts
     D:8: 1070 daAuts
     D:7: 1059 daAuts
     D:6: 1015 daAuts
     D:4: 1009 daAuts
   Orc:2: 561 daAuts
   Orc:1: 265 daAuts
